 Dungeon Crawl Stone Soup version 0.23.3-3-gaaff5abdbf (webtiles) character file.

Game seed: 3444630339568931468

344 Froggeryz the Sneak (level 6, -3/39 HPs)
             Began as an Octopode Assassin on Sept 21, 2022.
             Slain by Grinder (4 damage)
             ... while paralysed by Grinder
             ... on level 4 of the Dungeon.
             The game lasted 00:02:37 (2421 turns).

Froggeryz the Sneak (Octopode Assassin)             Turns: 2421, Time: 00:02:38

Health: -3/39      AC:  2    Str: 11    XL:     6   Next: 58%
Magic:  6/6        EV:  2    Int: 14    God:
Gold:   212        SH:  0    Dex: 14    Spells: 5/5 levels left

rFire    . . .     SeeInvis .   q - +2 short sword (elec)
rCold    . . .     Gourm    .   (no shield)
rNeg     . . .     Faith    .   h - +1 hat
rPois    .         Spirit   .   (no amulet)
rElec    .         Reflect  .   (no ring)
rCorr    .         Harm     .   (no ring)
MR       .....                  (no ring)
Stlth    +++++.....             (no ring)
HPRegen  0.13/turn              (no ring)
MPRegen  0.10/turn              (no ring)
                                (no ring)
                                (no ring)

@: paralysed
A: almost no armour, stealthy swim, amphibious, 8 rings, constrict 8, camouflage
1, gelatinous body 1
a: no special abilities


You were on level 4 of the Dungeon.
You were not hungry.

You visited 1 branch of the dungeon, and saw 4 of its levels.

You collected 212 gold pieces.

Inventory:

Hand Weapons
 a - a +2 dagger
 b - a +0 blowgun
 q - a +2 short sword of electrocution (weapon)
Missiles
 c - 8 poisoned needles
 d - 2 curare-tipped needles
 r - 6 javelins (quivered)
 v - 5 needles of confusion
Armour
 h - a +1 hat (worn)
Jewellery
 w - an uncursed ring of wizardry {unknown}
Scrolls
 j - 2 scrolls of teleportation {unknown}
 k - 3 scrolls of remove curse
 l - a scroll of blinking
 m - a scroll of enchant armour
 t - a scroll of fog {unknown}
 u - a scroll of enchant weapon {unknown}
Potions
 e - 2 potions of curing {unknown}
 i - 4 potions of invisibility {unknown}
 n - 2 potions of mutation {unknown}
 o - 2 potions of flight {unknown}
 p - a potion of lignification {unknown}
 s - a potion of ambrosia {unknown}
Comestibles
 f - 7 rations


   Skills:
 - Level 2.0 Fighting
 * Level 5.6 Short Blades
 - Level 2.0 Throwing
 - Level 1.0 Dodging
 + Level 7.5 Stealth


You had 5 spell levels left.
You didn't know any spells.
Your spell library was empty.

Dungeon Overview and Level Annotations

Branches:
Dungeon (4/15)
 Temple: D:4-7

Altars:
Ashenzari
Gozag

Shops:
D:2 *

Annotations:
D:4 Grinder


Innate Abilities, Weirdness & Mutations

You cannot wear most types of armour.
You are very stealthy in the water. (Stealth+)
You are amphibious.
You can wear up to eight rings at the same time.
You can use your tentacles to constrict eight enemies at once.
Your skin changes colour to match your surroundings (Stealth+).
Your rubbery body absorbs attacks. (AC +1, EV +1)


Message History

Grinder is nearby!
You hit Grinder. You squeeze Grinder, but do no damage.
Grinder is lightly wounded.
You constrict Grinder. You hit Grinder. Your squeeze misses Grinder.
Grinder is moderately wounded.
You constrict Grinder. Grinder barely misses you.
You hit Grinder but do no damage.
Grinder is moderately wounded.
You constrict Grinder. Grinder gestures at you.
You suddenly lose the ability to move!
You lose your grip on Grinder.
Grinder gestures at you. Pain shoots through your body! Grinder hits you!
You writhe in agony.
* * * LOW HITPOINT WARNING * * *
Grinder hits you.
* * * LOW HITPOINT WARNING * * *
You writhe in agony.
You die...

...♣♣ #. ....♣
... ....#
##.#######....#
#.............#
#..<...>......#
#.#...........#
#.#.....@)....#
#.....#.#5....#
#.......#.....#
#...#.#.#.#.....
#...###.#.....#.
#.....#.### ###
#..<###..
#..........
#.#.#######


You could see Grinder.

Vanquished Creatures
  An ogre (D:2)
  An orc wizard (D:3)
  A centaur skeleton (D:3)
  A hound skeleton (D:3)
  2 worker ant zombies (D:3)
  7 adders
  An ooze (D:1)
  4 adder skeletons (D:3)
  A worm (D:2)
  2 dart slugs
  5 leopard geckos
  4 orcs
  A ball python (D:3)
  4 giant cockroaches
  7 goblins
  6 hobgoblins
  3 jackals
  2 quokkas (D:3)
  4 bats
  4 frilled lizards
  11 kobolds
  9 rats
81 creatures vanquished.

Notes
Turn   | Place    | Note
-------+----------+-------------------------------------------
     0 | D:1      | Froggeryz the Octopode Assassin began the quest for the
                  | Orb.
     0 | D:1      | Reached XP level 1. HP: 14/14 MP: 1/1
    66 | D:1      | Reached XP level 2. HP: 19/19 MP: 2/2
   346 | D:1      | Reached XP level 3. HP: 24/24 MP: 3/3
   608 | D:2      | Reached skill level 6 in Stealth
   625 | D:2      | Reached XP level 4. HP: 23/29 MP: 4/4
   663 | D:2      | Found an opulent altar of Gozag.
   663 | D:2      | Found Gozag's Platinum Reserve.
   729 | D:2      | Found a faded altar of an unknown god.
   771 | D:2      | Noticed an ogre
   775 | D:2      | Killed an ogre
   775 | D:2      | Reached XP level 5. HP: 22/34 MP: 5/5
  1317 | D:2      | Found a shattered altar of Ashenzari.
  1421 | D:3      | Reached skill level 5 in Short Blades
  1421 | D:3      | Reached skill level 7 in Stealth
  1427 | D:3      | Reached XP level 6. HP: 35/39 MP: 6/6
  2410 | D:4      | Noticed Grinder
  2418 | D:4      | Paralysed by Grinder for 6 turns
  2421 | D:4      | HP: 1/39 [Grinder (6)]
  2421 | D:4      | Slain by Grinder

Skill      XL: |  1  2  3  4  5 |
---------------+----------------+-----
Short Blades   | 3 4 5 |  5.6
Stealth        | 6 7 |  7.5
Fighting       | |  2.0
Throwing       | |  2.0
Dodging        | |  1.0

Action                   |  1- 3 |  4- 6 || total
-------------------------+-------+-------++-------
Melee: Dagger            |    51 |    38 ||    89
       Constrict         |    10 |    29 ||    39
       Tentacles         |     7 |    19 ||    26
       Short sword       |       |    76 ||    76
  Use: Scroll            |       |     3 ||     3
 Stab: Sleeping          |    13 |    11 ||    24
  Eat: Chunk             |       |     5 ||     5
Armor: Skin              |     5 |    10 ||    15
Dodge: Dodged            |    27 |    57 ||    84
